[Event "Titled Tuesday Blitz September 13 Late 2022"]
[White "Dilanyan, Grigor"]
[Black "Martinez Alcantara, Jose Eduardo"]
[WhiteFideId "13303570"]
[BlackFideId "3805662"]
[WhiteElo "2264"]
[BlackElo "2703"]
[Result "0-1"]
[Round "04"]
[TimeControl "180+1"]
[Date "2022.09.13"]
[WhiteClock "0:00:01"]
[BlackClock "0:00:07"]

1. Nf3 c5 2. g3 Nc6 3. Bg2 g6 4. O-O Bg7 5. c4 d6 6. Nc3 e6 7. e3 Nge7 8. d4 O-O 9. a3 cxd4 10. exd4 d5 11. cxd5 exd5 12. Re1 Bg4 13. Bg5 Qd7 14. Qd3 Bf5 15. Qd2 f6 16. Bh6 Rad8 17. Bxg7 Kxg7 18. Re3 Bh3 19. Rae1 Bxg2 20. Kxg2 Rf7 21. h4 h5 22. b4 Nf5 23. R3e2 b6 24. Nd1 Nce7 25. Ne3 Nd6 26. Qd3 Ndf5 27. Nxf5+ Nxf5 28. Qd2 Nd6 29. Qf4 Re8 30. Rxe8 Nxe8 31. Nh2 Nd6 32. g4 Re7 33. Rxe7+ Qxe7 34. gxh5 gxh5 35. Nf1 Qe4+ 36. Qxe4 dxe4 37. Ne3 Kf7 38. Kg3 Nb5 39. d5 Nxa3 40. Kf4 a5 41. bxa5 bxa5 42. Kxe4 Nb5 43. Kd3 Nd6 44. Kd4 Ke7 45. f3 Kd7 46. Kc5 Kc7 47. Nc2 Nb7+ 48. Kd4 Kb6 49. Na3 Nd6 50. f4 Nb5+ 51. Nxb5 Kxb5 52. Ke4 a4 53. Kf5 a3 54. d6 Kc6 55. Ke6 a2 56. d7 a1=Q 57. d8=Q Qe1+ 58. Kf7 Qxh4 59. Qc8+ Kd5 60. Qe6+ Kd4 61. f5 Qg4 62. Qd6+ Ke4 63. Qe6+ Kf4 64. Qc4+ Kg5 0-1


[Site "https://www.chess.com"]

[Event "Titled Tuesday Blitz September 13 Late 2022"]
[White "Domingo Nunez, Ruben"]
[Black "Graif, William"]
[WhiteFideId "22245570"]
[BlackFideId "2609835"]
[WhiteElo "2406"]
[BlackElo "1942"]
[Result "1-0"]
[Round "04"]
[TimeControl "180+1"]
[Date "2022.09.13"]
[WhiteClock "0:01:37"]
[BlackClock "0:00:07"]

1. Nf3 e5 2. Nxe5 Nc6 3. Nxc6 dxc6 4. e4 Bc5 5. Nc3 Nf6 6. h3 g5 7. d3 g4 8. Bg5 Qd6 9. Qd2 g3 10. Be3 Bxe3 11. Qxe3 gxf2+ 12. Qxf2 Be6 13. d4 Nd7 14. O-O-O O-O-O 15. d5 cxd5 16. exd5 1-0


[Site "https://www.chess.com"]

[Event "Titled Tuesday Blitz September 13 Late 2022"]
[White "Dong, Bao Nghia"]
[Black "Kravtsiv, Martyn"]
[WhiteFideId "12400343"]
[BlackFideId "14113147"]
[WhiteElo "2344"]
[BlackElo "2694"]
[Result "0-1"]
[Round "04"]
[TimeControl "180+1"]
[Date "2022.09.13"]
[WhiteClock "0:01:17"]
[BlackClock "0:00:49"]

1. d4 d5 2. c4 e6 3. Nc3 Bb4 4. Nf3 Nd7 5. cxd5 exd5 6. Bg5 Ngf6 7. e3 c5 8. Bb5 Qa5 9. Bxd7+ Nxd7 10. O-O c4 11. Ne2 h6 12. Bf4 O-O 13. h3 Nf6 14. Ne5 Be6 15. a3 Be7 16. Bh2 Ne4 17. Nf4 Nd2 18. Nxe6 fxe6 19. Qg4 Rf5 20. Rfd1 Raf8 21. f4 Ne4 22. Bg3 Qb5 23. Rab1 Bf6 24. Be1 Bxe5 25. dxe5 a5 26. Qg6 Qb6 27. Kh2 Qxe3 28. Qxe6+ Kh8 29. Qxd5 Qxf4+ 30. Kg1 Qe3+ 31. Kh2 Rf1 32. Qd4 Qf4+ 33. g3 Qf3 0-1


[Site "https://www.chess.com"]

[Event "Titled Tuesday Blitz September 13 Late 2022"]
[White "Dounis, Alexandros"]
[Black "Boruchovsky, Avital"]
[WhiteFideId "4213238"]
[BlackFideId "2800055"]
[WhiteElo "2204"]
[BlackElo "2466"]
[Result "1-0"]
[Round "04"]
[TimeControl "180+1"]
[Date "2022.09.13"]
[WhiteClock "0:00:18"]
[BlackClock "0:00:06"]

1. Nf3 c5 2. e4 Nc6 3. d4 cxd4 4. Nxd4 Nf6 5. Nc3 e5 6. Ndb5 d6 7. Bg5 a6 8. Na3 b5 9. Nd5 Be6 10. c4 b4 11. Nc2 a5 12. Be2 Be7 13. Bxf6 gxf6 14. O-O O-O 15. Bg4 Kh8 16. Nce3 Rg8 17. Bf5 Nd4 18. Qh5 Rg7 19. Rad1 Qd7 20. Rxd4 exd4 21. Ng4 Bxf5 22. exf5 Rg5 23. Qxf7 Rxg4 24. Nxf6 Qxf5 25. Qxe7 Rg7 26. Qxd6 Rc8 27. Qxd4 Rf8 28. Nd5 Qg4 29. Qxg4 Rxg4 30. f4 Rg6 31. Re1 Rc6 32. b3 Rcc8 33. Kf2 Rce8 34. Rxe8 Rxe8 35. g4 Kg7 36. h4 Re4 37. g5 Kg6 38. h5+ Kf5 39. Kf3 Re1 40. Ne3+ Ke6 41. Ke4 Rh1 42. h6 Rh2 43. f5+ Kf7 44. Ng4 Rxa2 45. Ne5+ Kg8 46. g6 hxg6 47. fxg6 Rh2 48. Ng4 Rh4 49. Kf5 Rxg4 50. Kxg4 a4 51. c5 axb3 52. c6 b2 53. c7 1-0


[Site "https://www.chess.com"]

[Event "Titled Tuesday Blitz September 13 Late 2022"]
[White "Ekdyshman, Mikhail"]
[Black "Atanasov, Anthony"]
[WhiteFideId "4149416"]
[BlackFideId "2623897"]
[WhiteElo "2146"]
[BlackElo "1933"]
[Result "0-1"]
[Round "04"]
[TimeControl "180+1"]
[Date "2022.09.13"]
[WhiteClock "0:00:01"]
[BlackClock "0:00:02"]

1. e4 e5 2. Nf3 Nf6 3. Nc3 Nc6 4. d4 exd4 5. Nxd4 Nxe4 6. Nxe4 Qe7 7. f3 d5 8. Bb5 Bd7 9. Bxc6 bxc6 10. O-O dxe4 11. fxe4 O-O-O 12. Qe2 Kb7 13. Rf3 Be6 14. Ra3 Rxd4 15. Qa6+ Kb8 16. Qxa7+ Kc8 17. Qxd4 Qc5 18. c3 Qxd4+ 19. cxd4 Bxa3 20. bxa3 f5 21. e5 Rd8 22. Be3 Rd5 23. Rc1 Kd7 24. g3 Rb5 25. Rc2 Bd5 26. Kf2 Be4 27. Rd2 Ra5 28. Rb2 Bd5 29. h4 Rxa3 30. Ke2 Bxa2 31. Rb8 Bc4+ 32. Kf2 Ke7 33. Bg5+ Kf7 34. Rc8 Ra7 35. Bd8 Ra2+ 36. Ke3 Ra3+ 37. Kf2 Bd5 38. Rxc7+ Kg6 39. Bg5 Rf3+ 40. Ke2 h6 41. Bf4 Rc3 42. Re7 Bc4+ 43. Kd2 Rd3+ 44. Kc2 Rxd4 45. Kc3 Re4 46. Rc7 Bd5 47. h5+ Kh7 48. Kd3 Kg8 49. Rc8+ Kf7 50. Rc7+ Kf8 51. Bd2 Bc4+ 52. Kc2 Bb5 53. Bc3 Re2+ 54. Kb3 Re3 55. Kb4 Re4+ 56. Ka5 Kg8 57. e6 Rxe6 58. Rxg7+ Kf8 59. Rc7 Re3 60. Bg7+ Kg8 61. Bxh6 Rxg3 62. Bf4 Rg4 63. Be5 Rh4 64. Rg7+ Kf8 65. Rg5 Bd3 66. h6 Kf7 67. Rg7+ Ke6 0-1


[Site "https://www.chess.com"]

[Event "Titled Tuesday Blitz September 13 Late 2022"]
[White "Fishbein, Alexander"]
[Black "Kamsky, Gata"]
[WhiteFideId "2000377"]
[BlackFideId "2000024"]
[WhiteElo "2410"]
[BlackElo "2666"]
[Result "0-1"]
[Round "04"]
[TimeControl "180+1"]
[Date "2022.09.13"]
[WhiteClock "0:00:03"]
[BlackClock "0:00:18"]

1. e4 c5 2. Nf3 e6 3. d4 cxd4 4. Nxd4 a6 5. Nc3 Qc7 6. g3 b5 7. Bg2 Bb7 8. O-O Nf6 9. Re1 d6 10. Bf4 e5 11. Nf5 exf4 12. e5 dxe5 13. Bxb7 Ra7 14. gxf4 Bb4 15. Rxe5+ Kf8 16. Bg2 g6 17. Ne3 Bxc3 18. bxc3 Nbd7 19. Qd4 Qb6 20. Qb4+ Kg7 21. Re7 Rc7 22. Nd5 Nxd5 23. Bxd5 Nf6 24. Bxf7 a5 25. Bb3+ Kh6 26. Re6 Qxe6 27. Qxa5 Qg4+ 28. Kh1 Qf3+ 29. Kg1 Qxc3 30. Qb6 Qxa1+ 0-1


[Site "https://www.chess.com"]

[Event "Titled Tuesday Blitz September 13 Late 2022"]
[White "Ibarra Jerez, Jose Carlos"]
[Black "Bluebaum, Matthias"]
[WhiteFideId "2226332"]
[BlackFideId "24651516"]
[WhiteElo "2627"]
[BlackElo "2633"]
[Result "1-0"]
[Round "04"]
[TimeControl "180+1"]
[Date "2022.09.13"]
[WhiteClock "0:00:50"]
[BlackClock "0:00:17"]

1. Nf3 d5 2. g3 Bg4 3. Bg2 e6 4. h3 Bh5 5. O-O Nf6 6. c4 c6 7. Qb3 Qc8 8. d3 Be7 9. Nc3 O-O 10. Bf4 Rd8 11. Rac1 Nbd7 12. cxd5 Nc5 13. Qa3 Bf8 14. d6 Bxf3 15. Bxf3 Ncd7 16. d4 Nb6 17. e4 Nc4 18. Qb3 Nxd6 19. Bxd6 Rxd6 20. e5 Rxd4 21. exf6 gxf6 22. Rfd1 Rxd1+ 23. Rxd1 f5 24. Ne2 Qc7 25. Qd3 Bg7 26. b3 Qa5 27. a4 Bf6 28. Nf4 Rd8 29. Qe2 Rxd1+ 30. Qxd1 Be5 31. Qd7 Bxf4 32. gxf4 Qe1+ 33. Kg2 Qb4 34. Bh5 Kg7 35. Qxf7+ Kh8 36. Qf6+ Kg8 37. Bf7+ Kf8 38. Bxe6+ Ke8 39. Qf7+ Kd8 40. Qd7# 1-0


[Site "https://www.chess.com"]

[Event "Titled Tuesday Blitz September 13 Late 2022"]
[White "Ibrahimli, Murad"]
[Black "Keymer, Vincent"]
[WhiteFideId "13410229"]
[BlackFideId "12940690"]
[WhiteElo "2109"]
[BlackElo "2585"]
[Result "0-1"]
[Round "04"]
[TimeControl "180+1"]
[Date "2022.09.13"]
[WhiteClock "0:00:06"]
[BlackClock "0:00:24"]

1. d4 Nf6 2. c4 e6 3. Nf3 d5 4. Nc3 c5 5. e3 Nc6 6. cxd5 exd5 7. Bb5 cxd4 8. Nxd4 Bd7 9. O-O Bd6 10. Nf3 Bg4 11. Be2 O-O 12. h3 Bh5 13. Qb3 Na5 14. Qa4 Rc8 15. Rd1 a6 16. Qh4 Bg6 17. Kf1 Bb8 18. Nd4 Qd6 19. Bf3 Rfd8 20. g3 Nc4 21. Nce2 Ne5 22. Bg2 h6 23. Bd2 Bd3 24. Bc3 Ng6 25. Rxd3 Nxh4 26. gxh4 Qd7 27. Rad1 Be5 28. Ng1 Ne4 29. Be1 Bxd4 30. Nf3 0-1


[Site "https://www.chess.com"]

[Event "Titled Tuesday Blitz September 13 Late 2022"]
[White "Indjic, Aleksandar"]
[Black "Lamaze, Simon"]
[WhiteFideId "911925"]
[BlackFideId "36069264"]
[WhiteElo "2592"]
[BlackElo "2131"]
[Result "1-0"]
[Round "04"]
[TimeControl "180+1"]
[Date "2022.09.13"]
[WhiteClock "0:01:28"]
[BlackClock "0:00:49"]

1. e4 c5 2. Nf3 Nc6 3. Bb5 d6 4. O-O Bd7 5. Re1 Nf6 6. c3 a6 7. Bf1 Bg4 8. h3 Bxf3 9. Qxf3 e6 10. d3 Be7 11. Nd2 O-O 12. Qd1 d5 13. e5 Nd7 14. Nf3 b5 15. d4 c4 16. g3 b4 17. h4 bxc3 18. bxc3 Qa5 19. Qc2 Rfb8 20. h5 Ba3 21. h6 g6 22. Ng5 Bxc1 23. Qxc1 Nd8 24. Bh3 Rb6 25. Re3 Rab8 26. Rf3 Qa4 27. Qf4 Rb1+ 28. Rxb1 Rxb1+ 29. Kh2 Qd1 30. Bg2 Qc2 31. Nxf7 Nc6 32. Nd6 Nd8 33. Qg5 1-0


[Site "https://www.chess.com"]

[Event "Titled Tuesday Blitz September 13 Late 2022"]
[White "Ivic, Velimir"]
[Black "Al-Tarboush, Ward"]
[WhiteFideId "950122"]
[BlackFideId "7601450"]
[WhiteElo "2625"]
[BlackElo "2234"]
[Result "1-0"]
[Round "04"]
[TimeControl "180+1"]
[Date "2022.09.13"]
[WhiteClock "0:02:13"]
[BlackClock "0:01:11"]

1. Nf3 d5 2. g3 Nf6 3. Bg2 c6 4. O-O Bf5 5. d3 e6 6. b3 Be7 7. Bb2 O-O 8. Nbd2 h6 9. Re1 Bh7 10. e4 dxe4 11. dxe4 c5 12. Ne5 Nbd7 13. Nd3 Qc7 14. a4 Rad8 15. Qe2 Rfe8 16. e5 Nd5 17. Bxd5 exd5 18. e6 Nf6 19. Nf4 Bd6 20. Bxf6 Bxf4 21. Bxd8 Qxd8 22. exf7+ Kxf7 23. Qxe8+ Qxe8 24. Rxe8 Bxd2 25. Re2 Bc3 26. Rd1 d4 27. Rd3 a6 28. Rf3+ Kg6 29. Re6+ Kh5 30. Re5+ Kg6 31. Rxc5 1-0


[Site "https://www.chess.com"]

[Event "Titled Tuesday Blitz September 13 Late 2022"]
[White "Jobava, Baadur"]
[Black "Makarian, Rudik"]
[WhiteFideId "13601520"]
[BlackFideId "44105681"]
[WhiteElo "2582"]
[BlackElo "2410"]
[Result "1-0"]
[Round "04"]
[TimeControl "180+1"]
[Date "2022.09.13"]
[WhiteClock "0:00:22"]
[BlackClock "0:00:03"]

1. e4 e5 2. Nf3 Nc6 3. d4 exd4 4. Nxd4 Bc5 5. Nb3 Bb4+ 6. Bd2 a5 7. Bc4 Nf6 8. O-O O-O 9. Re1 Bxd2 10. N3xd2 d6 11. Nc3 Re8 12. h3 Ne5 13. Bf1 Ng6 14. Qf3 Bd7 15. Rad1 Bc6 16. Bb5 Qb8 17. Bxc6 bxc6 18. b3 Nd7 19. Qg3 Qb4 20. Kh2 Nc5 21. a4 Ne6 22. Nc4 Qc5 23. Qe3 Qxe3 24. Rxe3 Nc5 25. Kg3 Ne5 26. Nd2 g5 27. h4 h6 28. f3 Kg7 29. Kf2 f6 30. Nf1 gxh4 31. Re2 Ng6 32. Ne3 Kh7 33. Rh1 Ne6 34. Rd2 Nef4 35. Nf5 Rg8 36. Nd1 d5 37. Nde3 dxe4 38. Rd7+ Kh8 39. Nxh4 exf3 40. Nxf3 Rg7 41. Rxh6+ Kg8 42. Rxg7+ Kxg7 43. Nf5+ Kf7 44. N3d4 c5 45. Nb5 Rd8 46. Nxc7 Rd2+ 47. Kf3 Rxg2 48. Rh7+ Kg8 49. Rg7+ Kh8 50. Ne8 Rg5 51. Nfd6 Ne5+ 52. Kxf4 Rxg7 53. Nxg7 Kxg7 54. Nb7 c4 55. Nxa5 cxb3 56. cxb3 Nd3+ 57. Ke4 Nc5+ 58. Kd5 Na6 59. Nc6 f5 60. b4 f4 61. b5 f3 62. bxa6 f2 63. a7 f1=Q 64. a8=Q Qf3+ 65. Kc5 Qc3+ 66. Kb6 Qb3+ 67. Ka5 Qc3+ 68. Kb5 Qd3+ 69. Kc5 Qc3+ 70. Kd6 Qg3+ 71. Ne5 Qa3+ 72. Kd7 Qh3+ 73. Kc7 Qc3+ 74. Nc6 Qg3+ 75. Kc8 Qh3+ 76. Kb8 Qb3+ 77. Qb7+ 1-0


[Site "https://www.chess.com"]

[Event "Titled Tuesday Blitz September 13 Late 2022"]
[White "Karas, Marek"]
[Black "Hambleton, Aman"]
[WhiteFideId "14928558"]
[BlackFideId "2606577"]
[WhiteElo "2272"]
[BlackElo "2538"]
[Result "0-1"]
[Round "04"]
[TimeControl "180+1"]
[Date "2022.09.13"]
[WhiteClock "0:01:26"]
[BlackClock "0:01:00"]

1. d4 Nf6 2. Nf3 e6 3. c4 b6 4. a3 Bb7 5. Nc3 Ne4 6. Nxe4 Bxe4 7. Nd2 Bb7 8. e4 g6 9. Bd3 Bg7 10. Nf3 d6 11. O-O O-O 12. Bg5 Bf6 13. Bh6 Bg7 14. Bg5 Qe8 15. Qd2 Nd7 16. Rfe1 a5 17. b3 e5 18. d5 f5 19. Bh6 Nc5 20. Rab1 Nxd3 21. Bxg7 Nxe1 22. Rxe1 Kxg7 23. Ng5 Bc8 24. f4 h6 25. Nf3 fxe4 26. fxe5 exf3 27. exd6 Qxe1+ 0-1


[Site "https://www.chess.com"]

[Event "Titled Tuesday Blitz September 13 Late 2022"]
[White "Kobo, Ori"]
[Black "Maksimovic, Bojan"]
[WhiteFideId "2812320"]
[BlackFideId "14408120"]
[WhiteElo "2420"]
[BlackElo "2447"]
[Result "1-0"]
[Round "04"]
[TimeControl "180+1"]
[Date "2022.09.13"]
[WhiteClock "0:00:21"]
[BlackClock "0:00:01"]

1. Nf3 Nf6 2. c4 g6 3. Nc3 Bg7 4. d4 O-O 5. h3 d6 6. Bf4 Nc6 7. e3 Nd7 8. Be2 e5 9. Bh2 exd4 10. exd4 Re8 11. O-O Nf6 12. d5 Ne7 13. Re1 h6 14. Bf1 Bd7 15. Qd2 Nf5 16. Rxe8+ Qxe8 17. Re1 Qf8 18. c5 Re8 19. g4 Rxe1 20. Qxe1 Ne7 21. cxd6 Nexd5 22. dxc7 Nxc3 23. bxc3 Qc5 24. Qe5 Nd5 25. Qe4 Bxc3 26. Bc4 Ne7 27. Ne5 Bxe5 28. Bxe5 Be6 29. Bxe6 fxe6 30. Bg3 Kf7 31. Qxb7 g5 32. Qf3+ Ke8 33. Qa8+ Kf7 34. Qf3+ Ke8 35. Qe4 Kd7 36. Qh7 Qc1+ 37. Kg2 Qc6+ 38. Kh2 1-0


[Site "https://www.chess.com"]

[Event "Titled Tuesday Blitz September 13 Late 2022"]
[White "Kollars, Dmitrij"]
[Black "Xiong, Jeffery"]
[WhiteFideId "12909572"]
[BlackFideId "2047640"]
[WhiteElo "2584"]
[BlackElo "2714"]
[Result "1-0"]
[Round "04"]
[TimeControl "180+1"]
[Date "2022.09.13"]
[WhiteClock "0:00:04"]
[BlackClock "0:00:55"]

1. e4 c5 2. Nf3 Nc6 3. Bb5 d6 4. O-O Bd7 5. Re1 a6 6. Bf1 Nf6 7. c3 Bg4 8. d4 Bxf3 9. gxf3 cxd4 10. cxd4 d5 11. e5 Nh5 12. f4 g6 13. Nc3 e6 14. Be3 Ng7 15. Bd3 Nf5 16. Ne2 Bb4 17. Rf1 Qh4 18. Kh1 Qh5 19. Bxf5 gxf5 20. Ng3 Qxd1 21. Rfxd1 h5 22. h3 Kd7 23. Kg2 Na5 24. Rac1 h4 25. Ne2 Be7 26. b3 Rac8 27. Rxc8 Rxc8 28. Rc1 Rg8+ 29. Kf1 Nc6 30. Bd2 Ba3 31. Rc2 Rc8 32. Ke1 Nxe5 33. Rxc8 Nd3+ 34. Kf1 Kxc8 35. Ng1 Bc1 36. Be3 Ba3 37. Nf3 Be7 38. Bd2 Bd6 39. Nxh4 Nxf4 40. Bxf4 Bxf4 41. Nf3 Kd7 42. Ke2 f6 43. h4 e5 44. h5 e4 45. Nh4 Ke6 46. Ng6 Bh6 47. f4 Kf7 48. Ke3 Bf8 49. Nh4 Ke6 50. Ng6 Bh6 51. Nh4 Bg7 52. a4 Bf8 53. Ng6 Bg7 54. Nh4 b5 55. axb5 axb5 56. Ng6 Kf7 57. Nh4 Bf8 58. Nxf5 Ba3 59. Kf2 Bc1 60. Kg3 b4 61. Kg4 Bb2 62. Kg3 Bc3 63. Kg4 Kg8 64. Ne3 Bxd4 65. Nxd5 Kf7 66. Nxb4 Ke6 67. f5+ Kd6 68. Nc2 Bc3 69. h6 1-0


[Site "https://www.chess.com"]

[Event "Titled Tuesday Blitz September 13 Late 2022"]
[White "Livaic, Leon"]
[Black "Bortnyk, Mykola"]
[WhiteFideId "14531534"]
[BlackFideId "14120836"]
[WhiteElo "2540"]
[BlackElo "2582"]
[Result "0-1"]
[Round "04"]
[TimeControl "180+1"]
[Date "2022.09.13"]
[WhiteClock "0:00:10"]
[BlackClock "0:01:02"]

1. d4 Nf6 2. c4 e6 3. Nf3 Bb4+ 4. Bd2 Qe7 5. g3 Nc6 6. Nc3 d6 7. Bg2 Bxc3 8. Bxc3 Ne4 9. Rc1 O-O 10. O-O Nxc3 11. Rxc3 e5 12. d5 Nb8 13. Nd2 b6 14. e4 Nd7 15. h4 a5 16. Kh2 Nc5 17. Nb3 f5 18. Nxc5 bxc5 19. exf5 Bxf5 20. Re3 Qd7 21. f4 Bg4 22. Bf3 Bxf3 23. Rexf3 exf4 24. Rxf4 Rxf4 25. Rxf4 Re8 26. Rf2 h6 27. b3 Qe7 28. Qf3 a4 29. bxa4 Ra8 30. Re2 Qf7 31. Qb3 Qf1 32. Rg2 Re8 33. Qc2 Re1 34. Kh3 h5 35. a5 Qh1+ 36. Rh2 Qf3 37. Qg6 Qf1+ 38. Rg2 Re2 0-1


[Site "https://www.chess.com"]

[Event "Titled Tuesday Blitz September 13 Late 2022"]
[White "Naroditsky, Daniel"]
[Black "Perez Ponsa, Federico"]
[WhiteFideId "2026961"]
[BlackFideId "117927"]
[WhiteElo "2628"]
[BlackElo "2604"]
[Result "1-0"]
[Round "04"]
[TimeControl "180+1"]
[Date "2022.09.13"]
[WhiteClock "0:00:32"]
[BlackClock "0:00:36"]

1. e4 c5 2. Nf3 d6 3. Bb5+ Nd7 4. O-O a6 5. Bd3 Ngf6 6. Re1 e6 7. Bf1 Be7 8. c3 O-O 9. d4 b5 10. a4 Bb7 11. Bd3 e5 12. d5 c4 13. Bc2 Nc5 14. Nbd2 Nfd7 15. Nf1 Qc7 16. Ng3 g6 17. Bh6 Rfb8 18. h4 Nxa4 19. Bxa4 bxa4 20. Ng5 Nc5 21. Qf3 Bf8 22. Bxf8 Rxf8 23. Qe2 f6 24. Ne6 Nxe6 25. dxe6 Bc8 26. Rxa4 Bxe6 27. Rea1 Qb7 28. Nf1 d5 29. exd5 Bxd5 30. Ne3 Be6 31. Nxc4 Rfd8 32. Ne3 Rd6 33. h5 Kg7 34. Rb4 Rb6 35. h6+ Kf7 36. Rxb6 Qxb6 37. Rd1 Ke7 38. Nd5+ Bxd5 39. Rxd5 Rd8 40. Rxd8 Kxd8 41. Qc4 Qxb2 42. Qg8+ Ke7 43. Qxh7+ Ke6 44. Qxg6 Qc1+ 45. Kh2 Qf4+ 46. Kg1 Qc1+ 47. Kh2 Qf4+ 48. Kh3 Qxf2 49. h7 Qe3+ 50. Kh2 1-0


[Site "https://www.chess.com"]

[Event "Titled Tuesday Blitz September 13 Late 2022"]
[White "Nasuta, Grzegorz"]
[Black "Pesotskiy, Mikhail"]
[WhiteFideId "1141686"]
[BlackFideId "34164453"]
[WhiteElo "2354"]
[BlackElo "2013"]
[Result "1-0"]
[Round "04"]
[TimeControl "180+1"]
[Date "2022.09.13"]
[WhiteClock "0:00:45"]
[BlackClock "0:00:47"]

1. e4 e6 2. d4 d5 3. Nc3 Bb4 4. exd5 exd5 5. Bd3 Nf6 6. Ne2 O-O 7. O-O Bg4 8. f3 Bh5 9. Nf4 Bg6 10. Nxg6 hxg6 11. Bg5 c6 12. f4 Qb6 13. Ne2 Nbd7 14. f5 Ne4 15. Bxe4 dxe4 16. c3 Bd6 17. fxg6 fxg6 18. Qc2 Qb5 19. Qb3+ Qxb3 20. axb3 c5 21. Be3 cxd4 22. Bxd4 a6 23. Rxf8+ Rxf8 24. Rd1 Nc5 25. Be3 Rd8 26. Rxd6 Rxd6 27. Bxc5 Rd2 28. Kf2 Rxb2 29. b4 Kf7 30. Ke3 Ke6 31. Bd4 Kd5 32. c4+ Kxc4 33. Bxb2 Kxb4 34. Bxg7 a5 35. h4 a4 36. g4 a3 37. h5 gxh5 38. gxh5 a2 39. h6 Ka3 40. h7 a1=Q 41. Bxa1 1-0


[Site "https://www.chess.com"]

[Event "Titled Tuesday Blitz September 13 Late 2022"]
[White "Papasimakopoulos, Alexandros"]
[Black "Mortazavi, Ali"]
[WhiteFideId "4244125"]
[BlackFideId "401323"]
[WhiteElo "2357"]
[BlackElo "2339"]
[Result "1/2-1/2"]
[Round "04"]
[TimeControl "180+1"]
[Date "2022.09.13"]
[WhiteClock "0:00:14"]
[BlackClock "0:00:14"]

1. d4 Nf6 2. c4 g6 3. Nc3 Bg7 4. e4 O-O 5. f3 d6 6. Nge2 Nc6 7. Be3 a6 8. Qd2 b5 9. cxb5 axb5 10. Nxb5 Na5 11. Nc1 c6 12. Nc3 Ba6 13. Bxa6 Rxa6 14. b3 Nd7 15. O-O Qa8 16. Rb1 Rb8 17. Nd3 Nb7 18. b4 Ra3 19. Rb2 Nb6 20. Rc2 Nc4 21. Qe2 Nxe3 22. Qxe3 Qa7 23. e5 Nd8 24. Rd1 Ne6 25. Ne2 dxe5 26. Qe4 exd4 27. Nec1 Rc3 28. Rb2 Qa4 29. Re1 Qb5 30. h3 h5 31. Kh1 Rd8 32. f4 Rd5 33. Rf2 Rf5 34. g4 hxg4 35. hxg4 Rd5 36. f5 Ng5 37. Qxe7 Rxd3 38. Nxd3 Qxd3 39. Qxg5 Qh3+ 40. Rh2 Qf3+ 41. Rg2 Qh3+ 42. Kg1 d3 43. Re8+ Bf8 44. Qe7 Qh6 45. Rxf8+ Qxf8 46. Qxf8+ Kxf8 47. Rd2 gxf5 48. gxf5 Ke7 49. a4 Kf6 50. a5 Rd4 51. Kf2 Kxf5 52. Ke3 Rxb4 53. Ra2 Rb7 54. a6 Ra7 55. Kxd3 Ke5 56. Kc4 f5 57. Re2+ Kf4 58. Ra2 Ke3 59. Kc5 f4 60. Kb6 Ra8 61. Kb7 Rh8 62. Kxc6 f3 63. a7 f2 64. Rxf2 Kxf2 65. Kb7 Rh7+ 66. Kb6 Rxa7 67. Kxa7 1/2-1/2


[Site "https://www.chess.com"]

[Event "Titled Tuesday Blitz September 13 Late 2022"]
[White "Pranav, V"]
[Black "Lamard, Guillaume"]
[WhiteFideId "25060783"]
[BlackFideId "600261"]
[WhiteElo "2390"]
[BlackElo "2387"]
[Result "1-0"]
[Round "04"]
[TimeControl "180+1"]
[Date "2022.09.13"]
[WhiteClock "0:00:04"]
[BlackClock "0:00:02"]

1. Nf3 Nf6 2. g3 g6 3. Bg2 Bg7 4. O-O O-O 5. d3 d5 6. Nbd2 a5 7. e4 e6 8. Re1 a4 9. a3 c5 10. e5 Nfd7 11. Nf1 Nc6 12. Bf4 b5 13. h4 Ba6 14. h5 Nd4 15. h6 Bh8 16. Nxd4 cxd4 17. Nh2 Qb6 18. Nf3 Rac8 19. Qd2 Rc6 20. Rac1 Rfc8 21. Bg5 Rb8 22. Qf4 b4 23. Nxd4 Rcc8 24. Be7 b3 25. cxb3 axb3 26. Bd6 Ra8 27. Bh3 Nf8 28. Be7 Nd7 29. Bd6 Nf8 30. Bxf8 Rxf8 31. Rc6 Qb7 32. Rec1 Rac8 33. R6c3 Qb8 34. Nc6 Qb7 35. Qg5 Rxc6 36. Rxc6 Bxd3 37. Rxe6 Bc2 38. Re7 Qc6 39. Rd7 Re8 40. Re1 Be4 41. Qf4 Kf8 42. Qxf7# 1-0


[Site "https://www.chess.com"]

[Event "Titled Tuesday Blitz September 13 Late 2022"]
[White "Putnam, Liam"]
[Black "Tanenbaum, Zachary"]
[WhiteFideId "30938279"]
[BlackFideId "2060850"]
[WhiteElo "2031"]
[BlackElo "2175"]
[Result "1/2-1/2"]
[Round "04"]
[TimeControl "180+1"]
[Date "2022.09.13"]
[WhiteClock "0:00:03"]
[BlackClock "0:00:03"]

1. Nf3 d5 2. b3 c5 3. e3 Nf6 4. Bb2 Nc6 5. Bb5 Bf5 6. O-O e6 7. Bxc6+ bxc6 8. d3 Bd6 9. Nbd2 O-O 10. Qe2 Bg6 11. e4 Nd7 12. Rfe1 Qc7 13. e5 Be7 14. Qe3 Rae8 15. Qf4 f6 16. Qg3 fxe5 17. Nxe5 Bd6 18. f4 Nxe5 19. Bxe5 Rf5 20. Nf3 Ref8 21. Re2 Bh5 22. Rf1 Bxf3 23. Rxf3 Bxe5 24. Rxe5 Rxe5 25. fxe5 Rxf3 26. gxf3 Qa5 27. a4 Qd2 28. Qf2 Qg5+ 29. Kh1 d4 30. f4 Qg4 31. a5 g6 32. a6 h5 33. h4 Kg7 34. Kh2 Kf7 35. Qg3 Qe2+ 36. Qg2 Qe1 37. Qxc6 Qxh4+ 38. Kg2 Qg4+ 39. Kh1 Qd1+ 40. Kg2 Qxc2+ 41. Kg1 Qc1+ 42. Kg2 Qd2+ 43. Kg1 Qe3+ 44. Kh1 Qe1+ 45. Kg2 Qe2+ 46. Kg1 Qg4+ 47. Kh1 Qh4+ 48. Kg2 Qg4+ 49. Kh1 h4 50. Qd7+ Kg8 51. Qe8+ Kg7 52. Qe7+ Kh6 53. Qf8+ Kh7 54. Qf7+ Kh6 55. Qf8+ Kh7 56. Qf7+ Kh6 57. Qf8+ 1/2-1/2


[Site "https://www.chess.com"]

[Event "Titled Tuesday Blitz September 13 Late 2022"]
[White "Rustemov, Alexander"]
[Black "Djokic, Mihailo"]
[WhiteFideId "4119002"]
[BlackFideId "976440"]
[WhiteElo "2864"]
[BlackElo "2315"]
[Result "1-0"]
[Round "04"]
[TimeControl "180+1"]
[Date "2022.09.13"]
[WhiteClock "0:01:36"]
[BlackClock "0:00:10"]

1. d4 Nf6 2. c4 g6 3. Nf3 Bg7 4. g3 O-O 5. Bg2 d6 6. Nc3 Nc6 7. O-O a6 8. h3 Rb8 9. e4 b5 10. d5 Na5 11. cxb5 axb5 12. b4 Nc4 13. Nd4 Bd7 14. a4 bxa4 15. b5 e6 16. Rxa4 exd5 17. exd5 Nb6 18. Rb4 Ra8 19. Nc6 Bxc6 20. dxc6 Re8 21. Be3 Qb8 22. Qd2 Ra3 23. Rc1 h5 24. Kh2 Kh7 25. Rf4 Kg8 26. Bd4 Nc4 27. Qd3 Ne5 28. Qc2 Nh7 29. b6 cxb6 30. Nb5 Ra8 31. c7 Qc8 32. Nxd6 Qd7 33. Nxe8 Rxe8 34. c8=Q 1-0


[Site "https://www.chess.com"]

[Event "Titled Tuesday Blitz September 13 Late 2022"]
[White "Sadhwani, Raunak"]
[Black "Shimanov, Aleksandr"]
[WhiteFideId "35093487"]
[BlackFideId "4198603"]
[WhiteElo "2656"]
[BlackElo "2605"]
[Result "1-0"]
[Round "04"]
[TimeControl "180+1"]
[Date "2022.09.13"]
[WhiteClock "0:00:15"]
[BlackClock "0:00:02"]

1. c4 Nf6 2. Nc3 g6 3. e4 d6 4. d4 Bg7 5. Nf3 O-O 6. Be2 e5 7. O-O h6 8. Re1 a5 9. h3 Nc6 10. Be3 Re8 11. d5 Nd4 12. Bf1 Nxf3+ 13. Qxf3 b6 14. Qd1 Nh7 15. Qd2 f5 16. exf5 gxf5 17. Bxh6 Qf6 18. Bxg7 Qxg7 19. f4 Bd7 20. fxe5 dxe5 21. d6 c6 22. c5 b5 23. Kh2 Kh8 24. Qf2 Rg8 25. Bd3 e4 26. Bf1 Qe5+ 27. Kh1 Rg7 28. Ne2 Qxb2 29. Qe3 Rag8 30. Nf4 Rg3 31. Qc1 Qg7 32. Rb1 Nf6 33. Rb3 Qh6 34. Rxg3 Rxg3 35. Ne2 Qxc1 36. Rxc1 Ra3 37. Rc2 Nd5 38. Rd2 Ne3 39. Kg1 Kg7 40. Nd4 Kf6 41. Bxb5 Rc3 42. Bxc6 Rc1+ 43. Kf2 Bxc6 44. Nxc6 f4 45. d7 Rf1+ 46. Ke2 1-0


[Site "https://www.chess.com"]